 Dungeon Crawl Stone Soup version 0.31-b1-22-gc680215f68 (webtiles) character file.

Game seed: 5103134418867960930

113 Destinykillz the Chopper (level 4, -1/40 HPs)
             Began as a Hill Orc Fighter on Jan 18, 2024.
             Slain by a gnoll
             ... wielding a +0 spear
              (7 damage)
             ... on level 2 of the Dungeon.
             The game lasted 00:04:04 (1381 turns).

Destinykillz the Chopper (Hill Orc Fighter)         Turns: 1381, Time: 00:04:04

Health: -1/40      AC: 11    Str: 20    XL:     4   Next: 96%
Magic:  4/4        EV:  9    Int:  8    God:
Gold:   47         SH:  4    Dex: 10    Spells: 3/3 levels left

rFire   . . .        a - +0 war axe
rCold   + . .        c - +0 buckler
rNeg    . . .        b - +0 scale mail
rPois   .            (no helmet)
rElec   .            (no cloak)
rCorr   .            (no gloves)
SInv    .            (no boots)
Will    .....        (no amulet) Stlth
                     f - ring of protection from cold
HPRegen 0.26/turn    h - +4 ring of protection
MPRegen 0.09/turn

%: no passive effects
@: slowed, very slow
A: no striking features
a: no special abilities


You were on level 2 of the Dungeon.
You visited 1 branch of the dungeon, and saw 2 of its levels.

You collected 47 gold pieces.

Inventory:

Hand Weapons
 a - a +0 war axe (weapon)
Missiles
 p - 3 boomerangs (quivered)
Armour
 b - a +0 scale mail (worn)
 c - a +0 buckler (worn)
 s - a +2 leather armour of positive energy
Jewellery
 f - a ring of protection from cold (left hand)
 h - a +4 ring of protection (right hand)
 q - a +5 ring of evasion
Talismans
 r - a dragon-blood talisman
Scrolls
 e - 2 scrolls of vulnerability {unknown}
 g - 2 scrolls of noise {unknown}
 k - a scroll of teleportation {unknown}
 l - a scroll of identify {unknown}
 m - 2 scrolls of enchant armour {unknown}
 n - a scroll of amnesia {unknown}
Potions
 d - a potion of might
 i - a potion of curing {unknown}
 j - 2 potions of lignification {unknown}
 o - a potion of ambrosia {unknown}
 t - a potion of brilliance {unknown}


   Skills:
 + Level 4.1 Fighting
 + Level 4.3 Axes
 + Level 0.2 Throwing
 + Level 4.0 Armour
 * Level 4.2 Shields


You had 3 spell levels left.
You didn't know any spells.
Your spell library was empty.

Dungeon Overview and Level Annotations

Branches:
Dungeon (2/15)

Altars:

Annotations:
D:2 Natasha


Message History

* * * LOW HITPOINT WARNING * * *
The gnoll attacks as it pursues you! You block the gnoll's attack.
Things that are here:
a +0 dagger; a goblin corpse Natasha, Servant of Life and Death comes into view.
Natasha hisses angrily.
Natasha stares at you and mumbles some strange words.
You resist with some effort.
There is an open door here.
Okay, then.
Natasha casts a spell at you.
You feel yourself slow down.
Natasha growls.
The gnoll hits you but does no damage. Natasha barely misses you.
The gnoll attacks as it pursues you! The gnoll barely misses you.
Natasha claws you but does no damage.
There is an open door here.
The gnoll hits you but does no damage. Natasha attacks as she pursues you!
Natasha claws you.
* * * LOW HITPOINT WARNING * * *
Natasha casts a spell at you.
The magic dart hits you but does no damage.
The gnoll attacks as it pursues you!
The gnoll hits you from afar with a +0 spear.
* * * LOW HITPOINT WARNING * * *
You block the gnoll's attack. Natasha barely misses you.
The gnoll attacks as it pursues you! The gnoll misses you.
Natasha casts a spell at you. The magic dart hits you.
* * * LOW HITPOINT WARNING * * *
The gnoll hits you from afar with a +0 spear.
* * * LOW HITPOINT WARNING * * *
Natasha barely misses you. The gnoll attacks as it pursues you!
The gnoll hits you but does no damage. Natasha claws you but does no damage.
The gnoll hits you from afar with a +0 spear.
* * * LOW HITPOINT WARNING * * *
The gnoll hits you from afar with a +0 spear!
You die...

##.# #.# #.....# ##'## ##.# #.#
####..# ##...## #..## #.#
####..###...<.## #...##
#.###.##..##.......##
#....########.........#.........#
......................'.........)
.....###########.gg####.........#
#.....# #.h## ##.......## #####.#
#@## ##.....## #.# #.# ##...##
#.# #.# ##+## #.# #.# .# #.# #.#
###.##### #.# #.# #........ #.#
#.## #....###. ..# #.#.##
##.....##. #.###.#####.....# #.


You could see Natasha and 2 gnolls.

Vanquished Creatures
  Natasha (D:2)
  3 gnolls
  An adder (D:2)
  5 endoplasms
  12 giant cockroaches
  3 goblins (D:2)
  3 hobgoblins
  4 jackals (D:1)
  7 ball pythons
  3 bats (D:1)
  A frilled lizard (D:2)
  A kobold (D:2)
  2 rats (D:1)
46 creatures vanquished.

Notes
Turn   | Place    | Note
-------+----------+-------------------------------------------
     0 | D:1      | Destinykillz the Hill Orc Fighter began the quest for the
                  | Orb.
     0 | D:1      | Reached XP level 1. HP: 19/19 MP: 1/1
   122 | D:1      | Reached XP level 2. HP: 26/26 MP: 2/2
   622 | D:1      | Reached XP level 3. HP: 33/33 MP: 3/3
   669 | D:1      | Found a faded altar of an unknown god.
  1087 | D:2      | Reached XP level 4. HP: 40/40 MP: 4/4
  1329 | D:2      | Noticed Natasha
  1333 | D:2      | Killed Natasha
  1366 | D:2      | Noticed Natasha
  1381 | D:2      | Slain by a gnoll

Illustrated notes

Levels and vault maps discovered:
D:1:      roderic_dead_forest, layout_basic, hellmonk_ecumenical_altar_run_dry
D:2:      minmay_roachtagon, layout_loops_corners, uniq_natasha

Skill      XL: |  1  2  3  4 |
---------------+-------------+-----
Axes           | 3 4 |  4.3
Fighting       | 4 |  4.1
Shields        | 4 |  4.2
Armour         | 4 |  4.0
Throwing       | |  0.2

Action                     |  1- 3 |  4- 6 || total
---------------------------+-------+-------++-------
  Melee: War axe           |    98 |    29 ||   127
  Throw: Boomerang         |     7 |       ||     7
 Armour: Scale mail        |    76 |    44 ||   120
  Dodge: Dodged            |    53 |    29 ||    82
  Block: Buckler           |    22 |     7 ||    29
